 Dungeon Sprint DCSS version bcrawl-1.31 (webtiles) character file.

Game seed: 6603698280131394985

267953 Groucho the Covert (level 4, -4/21 HPs)
             Began as a Spriggan Enchanter on Apr 2, 2021.
             Slain by a flying skull (13 damage)
             ... in the Dungeon (Sprint II: "The Violet Keep of Menkaure").
             The game lasted 00:01:38 (554 turns).

Groucho the Covert (Spriggan Enchanter)              Turns: 554, Time: 00:01:39

Health: -4/21      AC:  2    Str:  5    XL:     4   Next: 57%
Magic:  7/13       EV: 18    Int: 16    God:
Gold:   729        SH:  0    Dex: 16    Spells: 3/15 levels left

rFire    . . .     SeeInvis +   a - +1 dagger
rCold    . . .     Gourm    .   (shield restricted)
rNeg     . . .     Faith    .   b - +0 robe
rPois    .         Spirit   .   (helmet restricted)
rElec    .         Reflect  .   (no cloak)
rCorr    .         Harm     .   (gloves unavailable)
MR       .....     NoTele   +   (boots unavailable)
Stlth    +++++.....             (no amulet)
HPRegen  0.07/turn              (no ring)
MPRegen  0.13/turn              (no ring)

@: very quick
A: very small, unfitting armour, see invisible, herbivore, speed 3, slow
metabolism 2
a: no special abilities


You were in the Dungeon.
You were not hungry.

You visited 1 branch You collected 729 gold pieces.

Inventory:

Hand Weapons
 a - a +1 dagger (weapon)
Armour
 b - a +0 robe (worn)
Scrolls
 d - a scroll of fog
 l - a scroll of blinking
Potions
 f - a potion of invisibility
 g - a potion of curing
 h - a potion of heal wounds
 i - a potion of haste
 j - 2 potions of magic
Comestibles
 e - a ration {!d}


   Skills:
 + Level 1.2 Short Blades
 + Level 3.0 Dodging
 * Level 11.0 Stealth
 + Level 6.0 Spellcasting
 + Level 6.5 Hexes


You had 3 spell levels left.
You knew the following spells:

 Your Spells              Type           Power        Failure   Level  Hunger
a - Corona                Hex            ####...      1%          1    None
b - Ensorcelled Hibernat  Hex/Ice        ###...       5%          2    None
c - Confuse               Hex            ####....     2%          3    ##.....
d - Tukima's Dance        Hex            ####....     2%          3    ##.....
e - Dazzling Orbs         Conj/Hex       ###....      11%         3    ##.....

Your spell library contained the following spells:

 Spells                   Type           Power        Failure   Level  Hunger
 Cause Fear               Hex            ####......   10%         4    ####...


Dungeon Overview and Level Annotations

Branches:
Dungeon (1/1)

Altars:


Innate Abilities, Weirdness & Mutations

You are very small and have problems with some larger weapons.
You are too small for most types of armour.
You have supernaturally acute eyesight. (SInv)
You are a herbivore.
You cover ground extremely quickly.
You need to consume almost no food.


Message History

The flying skull is too close now for your liking.
Casting: Confuse (safe; 2% risk of failure)
Confirm with . or Enter, or press ? or * to list all spells.
Aiming: Confuse (safe; 2% risk of failure)
Press: ? - help, Shift-Dir - straight line, f - flying skull
Aim: a flying skull (chance to defeat MR: 54%)
The flying skull resists with significant effort.
The flying skull closely misses you. The flying skull hits you!
Ouch! That really hurt!
No path to travel!
No path to travel!
Casting: Confuse (safe; 2% risk of failure)
Confirm with . or Enter, or press ? or * to list all spells.
Aiming: Confuse (safe; 2% risk of failure)
Press: ? - help, Shift-Dir - straight line, f/p - flying skull
Aim: a flying skull (chance to defeat MR: 54%)
The flying skull resists with significant effort.
The flying skull hits you!
Ouch! That really hurt!
You die...

.. #+##..
###..##.#### #.##..#
...# ####.#.####..##
#.###'###.##..#
##..##.##...#..#
+.##'.<.'###'..###
##..##.##@zz#....###.
#†###'###.##......≈≈
####...####≈≈.....≈#
#..#..#§≈≈≈≈≈≈..§#
##...##≈≈≈≈≈§≈≈.§#
##+##z≈≈§§§§§§§≈#
≈○○°z°≈≈§§§≈§≈≈≈#
#'†○#○°'#≈§≈≈≈§§≈≈#
#zzz°°○.##≈ §###≈§#


You could see 2 flying skulls.

Vanquished Creatures
  4 worker ants (D)
  3 worms (D)
7 creatures vanquished.

Vanquished Creatures (others)
  A merfolk siren (D)
  Menkaure (D)
  2 crocodiles (D)
4 creatures vanquished.

Grand Total: 11 creatures vanquished

Notes
Turn   | Place    | Note
-------+----------+-------------------------------------------
     0 | D        | Groucho the Spriggan Enchanter began the quest for the Orb.
     0 | D        | Reached XP level 1. HP: 9/9 MP: 5/5
     1 | D        | Noticed a tyrant leech
     1 | D        | Noticed a tyrant leech
     5 | D        | Noticed a merfolk siren
     6 | D        | Killed a crocodile
    13 | D        | Reached skill level 5 in Stealth
    24 | D        | Reached skill level 6 in Stealth
   113 | D        | Killed Menkaure
   146 | D        | Killed a merfolk siren
   258 | D        | Noticed a worker ant
   258 | D        | Noticed a worker ant
   258 | D        | Noticed a worker ant
   258 | D        | Noticed a worker ant
   261 | D        | Killed a worker ant
   262 | D        | Reached skill level 8 in Stealth
   262 | D        | Reached skill level 5 in Hexes
   262 | D        | Reached XP level 2. HP: 13/13 MP: 8/8
   262 | D        | Reached XP level 3. HP: 16/16 MP: 9/9
   263 | D        | Reached skill level 9 in Stealth
   263 | D        | Reached skill level 5 in Spellcasting
   266 | D        | Reached skill level 10 in Stealth
   266 | D        | Reached XP level 4. HP: 21/21 MP: 9/12
   278 | D        | Learned a level 2 spell: Ensorcelled Hibernation
   282 | D        | Learned a level 3 spell: Confuse
   286 | D        | Learned a level 3 spell: Tukima's Dance
   290 | D        | Learned a level 3 spell: Dazzling Orbs
   300 | D        | Reached skill level 11 in Stealth
   442 | D        | Killed a crocodile
   522 | D        | Noticed a flying skull
   522 | D        | Noticed a flying skull
   523 | D        | Noticed a flying skull
   523 | D        | Noticed a flying skull
   523 | D        | Noticed a flying skull
   523 | D        | Noticed a flying skull
   523 | D        | Noticed a flying skull
   524 | D        | Noticed a flying skull
   543 | D        | Noticed a flying skull
   554 | D        | Slain by a flying skull

Skill      XL: |  1  2  3  4 |
---------------+-------------+-----
Stealth        | 8 10 11 | 11.0
Spellcasting   | 4 5 6 |  6.0
Hexes          | 5 6 |  6.5
Short Blades   | |  1.2
Dodging        | |  3.0

Action                   |  1- 3 |  4- 6 || total
-------------------------+-------+-------++-------
Melee: Dagger            |    21 |     2 ||    23
 Cast: Confuse           |       |     4 ||     4
       Ensorcelled Hiber |       |     1 ||     1
  Use: Potion            |     1 |       ||     1
 Stab: Sleeping          |     4 |     1 ||     5
       Confused          |       |     1 ||     1
Dodge: Dodged            |     9 |     2 ||    11
